 Dungeon Crawl Stone Soup version 0.26-b1-32-g5d43845318 (webtiles) character file.

Game seed: 8014557198706457213

741 Borgoz the Cudgeller (level 7, -3/66 HPs)
             Began as a Gargoyle Berserker on Jan 11, 2021.
             Was a Priest of Trog.
             Slain by an orc warrior
             ... wielding a +0 short sword
              (10 damage)
             ... on level 5 of the Dungeon on Jan 12, 2021.
             The game lasted 00:09:25 (5869 turns).

Borgoz the Cudgeller (Gargoyle Berserker)           Turns: 5869, Time: 00:09:25

Health: -3/66      AC: 11    Str: 21    XL:     7   Next: 75%
Magic:  7/7        EV: 12    Int:  7    God:    Trog [***...]
Gold:   372        SH:  0    Dex: 11    Spells: 6/6 levels left

rFire    . . .     SeeInvis +   i - +3 mace
rCold    . . .     Faith    .   (no shield)
rNeg     + . .     Spirit   .   d - +0 ring mail
rPois    ∞         Reflect  .   f - +0 helmet
rElec    +         Harm     .   (no cloak)
rCorr    .         Rampage  .   (no gloves)
Will     .....                  (no boots)
Stlth    ..........             (no amulet)
HPRegen  0.21/turn              l - ring of see invisible
MPRegen  0.10/turn              (no ring)

@: berserking, very quick
A: negative energy resistance 1, electricity resistance, unbreathing,
petrification resistance, miasma immunity, AC +4
a: Renounce Religion, Berserk, Trog's Hand


You were on level 5 of the Dungeon.
You worshipped Trog.
Trog was most pleased with you.
You visited 1 branch of the dungeon, and saw 6 of its levels.

You collected 372 gold pieces.

Inventory:

Hand Weapons
 i - a +3 mace (weapon)
Armour
 d - a +0 ring mail (worn)
 f - a +0 helmet (worn)
Jewellery
 b - an uncursed ring of flight
 l - a ring of see invisible (left hand)
Wands
 h - a wand of paralysis (8)
Scrolls
 a - 2 scrolls of teleportation
Potions
 c - 3 potions of might
 e - 3 potions of haste
 g - 2 potions of curing


   Skills:
 + Level 4.9 Fighting
 * Level 5.6 Maces & Flails
 + Level 4.2 Armour
 * Level 4.3 Dodging


You had 6 spell levels left.
You didn't know any spells.
Your spell library was empty.

Dungeon Overview and Level Annotations

Branches:
Dungeon (6/15)
 Temple: D:4-7

Altars:
Fedhas
Okawaru
Qazlal
Wu Jian


Innate Abilities, Weirdness & Mutations

You are resistant to torment.
Your stone body is resilient. (AC +4)
You are immune to poison.
You resist negative energy. (rN+)
You are resistant to electric shocks. (rElec)
You can survive without breathing.
You are immune to petrification.
You are immune to miasma.


Message History

You feel yourself moving faster!
You feel mighty! The orc hits you but does no damage.
The orc warrior hits you with a +0 short sword!
You are too injured to fight recklessly!
You are too injured to fight recklessly!
You barely miss the orc warrior.
The orc warrior is moderately wounded.
The orc hits you.
The orc warrior hits you but does no damage.
You barely miss the orc warrior.
The orc warrior is moderately wounded.
The orc closely misses you.
You barely miss the orc.
The orc warrior hits you with a +0 short sword!
* * * LOW HITPOINT WARNING * * *
You closely miss the orc warrior.
The orc warrior is moderately wounded.
The orc hits you but does no damage.
The orc warrior hits you with a +0 short sword!
You die...

##....................##.........
.........##'####.^...#########...
.........#......#≈..^# #.....'.<.
.........#.......#_#.# #.....#...
.........#.....§≈≈...# #.....#...
.........######'#§^.#####....####
..............#.#.......#....##..
##............#...#.....#........
.#####'##.....#o@.#.!...#........
..#.....'.=...#..o#.....+........
..#.....#.....#...#.....#........
..#.....#....>###'#.....##...##..
####....#...........######...##..
...##'###...........#...#.....†.†
...#....#...........#...#........
...'....#...........#...'........
...#....#...........######...##..


You could see an orc warrior and an orc.

Vanquished Creatures
  An ice beast (D:5)
  An ogre (D:4)
  A howler monkey (D:4)
  A jelly (D:5)
  A hound (D:4)
  4 orc wizards (D:5)
  Jessica (D:3)
  A bullfrog skeleton (D:5)
  3 worker ants
  A hound skeleton (D:5)
  3 gnolls (D:4)
  8 adders
  A shadow imp (D:5)
  2 ufetubi
  An ooze (D:3)
  An adder skeleton (D:4)
  A dart slug (D:4)
  5 leopard geckos
  6 orcs
  A ball python (D:1)
  3 giant cockroaches
  11 goblins
  14 hobgoblins
  7 jackals (D:5)
  3 quokkas
  3 bats
  6 frilled lizards
  3 kobolds
  8 rats
102 creatures vanquished.

Vanquished Creatures (others)
  A fungus (D:5)
  4 plants (D:5)
5 creatures vanquished.

Grand Total: 107 creatures vanquished

Notes
Turn   | Place    | Note
-------+----------+-------------------------------------------
     0 | D:1      | Borgoz the Gargoyle Berserker began the quest for the Orb.
     0 | D:1      | Reached XP level 1. HP: 14/14 MP: 1/1
   581 | D:1      | Reached XP level 2. HP: 18/19 MP: 2/2
  1401 | D:2      | Found an ornate altar of the Wu Jian Council.
  1621 | D:2      | Reached XP level 3. HP: 23/23 MP: 3/3
  2721 | D:3      | Reached ** piety under Trog
  2722 | D:3      | Noticed Jessica
  2740 | D:3      | Killed Jessica
  2741 | D:3      | Reached XP level 4. HP: 15/29 MP: 4/4
  3383 | D:3      | Reached XP level 5. HP: 31/33 MP: 5/5
  3659 | D:4      | Reached skill level 4 in Maces & Flails
  3771 | D:4      | Noticed an ogre
  3777 | D:4      | Killed an ogre
  3778 | D:4      | Reached XP level 6. HP: 18/38 MP: 6/6
  4514 | D:4      | Reached *** piety under Trog
  4862 | D:5      | Entered Level 5 of the Dungeon
  4915 | D:5      | Noticed an ice beast
  4923 | D:5      | Killed an ice beast
  4924 | D:5      | Reached skill level 5 in Maces & Flails
  4924 | D:5      | Reached XP level 7. HP: 37/44 MP: 7/7
  5416 | D:5      | Found an iron altar of Okawaru.
  5565 | D:5      | Found a stormy altar of Qazlal.
  5571 | D:5      | Found a blossoming altar of Fedhas.
  5869 | D:5      | Slain by an orc warrior

Illustrated notes

Levels and vault maps discovered:
D:1:      dpeg_arrival_simpleton_a, layout_basic
D:2:      layout_basic, lemuel_crystal_altar
D:3:      layout_basic, minmay_misc_feat_pillars,
          wander_ebering_terrifying_dragon_lair, uniq_jessica
D:4:      cheibrodos_greedy_goblins, layout_basic, serial_forest,
          infiniplex_forest_corner_1, infiniplex_forest_lined_2,
          infiniplex_forest_end_1, infiniplex_forest_clump_double,
          infiniplex_forest_straight_1, infiniplex_forest_clump_diagonal,
          infiniplex_forest_lined_2
D:5:      layout_gridville, grunt_temple_overflow_forces_of_nature,
          lemuel_round_altar
D:6:      layout_cave_pools, grunt_temple_overflow_cloverleaf,
          minmay_temple_entry_tees, gammafunk_ghost_abyssal_escape

Skill      XL: |  1  2  3  4  5  6  7 |
---------------+----------------------+-----
Dodging        | 2 3 4 |  4.3
Armour         | 3 4 |  4.2
Maces & Flails | 4 5 |  5.6
Fighting       | 4 |  4.9

Action                   |  1- 3 |  4- 6 |  7- 9 || total
-------------------------+-------+-------+-------++-------
Melee: Mace              |   152 |   208 |   101 ||   461
Invok: Berserk           |     1 |     2 |     1 ||     4
       Trog's Hand       |       |     1 |       ||     1
  Use: Scroll            |     9 |     5 |     1 ||    15
       Potion            |     1 |       |     3 ||     4
Armor: Animal skin       |     3 |       |       ||     3
       Ring mail         |    91 |   120 |    68 ||   279
Dodge: Dodged            |   137 |   165 |    83 ||   385
